 Dungeon Crawl Stone Soup version 0.23-b1-49-g13d5857 (webtiles) character file.

Game seed: 2735857185705967728

133 EtherCrawl the Gusty (level 4, -8/39 HPs)
             Began as a Troll Air Elementalist on Feb 3, 2019.
             Mangled by an orc warrior
             ... wielding a +0 dire flail
              (18 damage)
             ... on level 2 of the Dungeon.
             The game lasted 00:05:29 (2127 turns).

EtherCrawl the Gusty (Troll Air Elementalist)       Turns: 2127, Time: 00:05:30

Health: -8/39      AC:  7    Str: 16    XL:     4   Next: 93%
Magic:  5/5        EV: 10    Int: 12    God:
Gold:   145        SH:  0    Dex: 10    Spells: 5/6 levels left

rFire    . . .     SeeInvis .   (no weapon)
rCold    . . .     Gourm    +   (no shield)
rNeg     . . .     Faith    .   a - +0 robe
rPois    .         Spirit   .   (helmet restricted)
rElec    .         Reflect  .   l - +0 cloak
rCorr    .         Harm     .   (gloves unavailable)
MR       .....                  (boots unavailable)
Stlth    +.........             (no amulet)
HPRegen  0.53/turn              (no ring)
MPRegen  0.09/turn              (no ring)

@: starving
A: large, unfitting armour, claws 3, fast metabolism 3, gourmand, regeneration
1, shaggy fur 1, tough skin 3
a: no special abilities


You were on level 2 of the Dungeon.
You were starving.

You visited 1 branch of the dungeon, and saw 2 of its levels.

You collected 145 gold pieces.

Inventory:

Hand Weapons
 j - a +0 hunting sling
Missiles
 d - 102 stones (quivered)
 e - 84 arrows
Armour
 a - a +0 robe (worn)
 h - a +0 cloak
 l - a +0 cloak (worn)
Jewellery
 k - an uncursed ring of positive energy {unknown}
Scrolls
 b - a scroll of remove curse
 m - 2 scrolls of identify
 n - a scroll of enchant weapon {unknown}
 o - a scroll of enchant armour {unknown}
Potions
 f - a potion of ambrosia
 g - 2 potions of flight {unknown}
 i - a potion of magic {unknown}
Comestibles
 c - 7 rations


   Skills:
 - Level 1.5 Dodging
 - Level 1.0 Stealth
 + Level 1.7 Spellcasting
 * Level 2.2 Conjurations
 * Level 2.8 Air Magic


You had 5 spell levels left.
You knew the following spells:

 Your Spells              Type           Power        Failure   Level  Hunger
a - Shock                 Conj/Air       #...         10%         1    ##.....

Your spell library contained the following spells:

 Spells                   Type           Power        Failure   Level  Hunger
 Swiftness                Chrm/Air       #.......     24%         2    ###....
 Static Discharge         Conj/Air       #.......     28%         3    ####...
 Airstrike                Air            #.........   63%         4    #####..
 Lightning Bolt           Conj/Air       #.........   95%         5    ######.


Dungeon Overview and Level Annotations

Branches:
Dungeon (2/15)

Altars:
Gozag
Makhleb


Innate Abilities, Weirdness & Mutations

You are too large for most types of armour.
You have claws for hands.
Your metabolism is lightning-fast.
You like to eat raw meat.
Your natural rate of healing is unusually fast.
You are covered in fur. (AC +1)
You have extremely tough skin. (AC +3)


Message History

You scratch the orc warrior but do no damage.
The orc warrior hits you with a +0 dire flail!
You barely miss the orc warrior.
The orc warrior hits you with a +0 dire flail!
* * * LOW HITPOINT WARNING * * *
You completely miss the orc warrior. The orc warrior misses you.
Items here: )) [ †† a +0 mace; a +0 ring mail; a +0 short sword; an orc corpse x2
You see here a +0 war axe.
A hobgoblin comes into view.
The hobgoblin shouts!
The hobgoblin misses you.
You barely miss the hobgoblin. The hobgoblin barely misses you.
You closely miss the hobgoblin. The hobgoblin hits you.
* * * LOW HITPOINT WARNING * * *
The orc warrior closely misses you. The orc barely misses you.
You scratch the hobgoblin but do no damage.
The hobgoblin hits you but does no damage.
The orc warrior hits you with a +0 dire flail!!
You die...

##
###...###.....#.#
#..##. ##.##
##...##.####.##.
#.# ##'###.........
#K# ##.########.###
#.# #.... ...#o#
#o# ###..## #..#)#
#.###.#...####..#.#
#.##o#......##..#o#
#.Ko@g#...#.......#
#######<.#####..###
#o.#####..#
#..oo.o...#
#.........#
###########


You could see an orc warrior, an orc, a hobgoblin and a kobold.

Vanquished Creatures
  An orc priest (D:2)
  A hound (D:2)
  An adder (D:2)
  A worm (D:2)
  4 dart slugs (D:1)
  2 leopard geckos
  2 orcs (D:2)
  A giant cockroach (D:1)
  7 goblins
  8 hobgoblins
  A jackal (D:1)
  A quokka (D:2)
  A ball python (D:1)
  5 bats
  3 frilled lizards
  4 kobolds
  4 rats (D:1)
47 creatures vanquished.

Notes
Turn   | Place    | Note
-------+----------+-------------------------------------------
     0 | D:1      | EtherCrawl the Troll Air Elementalist began the quest for
                  | the Orb.
     0 | D:1      | Reached XP level 1. HP: 16/16 MP: 1/1
   207 | D:1      | Reached skill level 1 in Conjurations
   211 | D:1      | Reached XP level 2. HP: 19/24 MP: 3/3
   481 | D:1      | Reached XP level 3. HP: 22/31 MP: 4/4
  1108 | D:2      | Found a burning altar of Makhleb.
  1135 | D:2      | Reached XP level 4. HP: 27/39 MP: 5/5
  1474 | D:2      | Found an opulent altar of Gozag.
  1597 | D:2      | Noticed an orc warrior
  1608 | D:2      | HP: 1/39 [orc warrior/+0 dire flail (17)]
  2127 | D:2      | Mangled by an orc warrior

Skill      XL: |  1  2  3  4 |
---------------+-------------+-----
Conjurations   | 1 2 |  2.2
Dodging        | |  1.5
Stealth        | |  1.0
Spellcasting   | |  1.7
Air Magic      | |  2.8

Action                   |  1- 3 |  4- 6 || total
-------------------------+-------+-------++-------
Melee: Unarmed           |   141 |    69 ||   210
 Cast: Shock             |       |     5 ||     5
  Use: Scroll            |     4 |       ||     4
 Stab: Sleeping          |     2 |     1 ||     3
  Eat: Chunk             |    13 |     2 ||    15
Armor: Robe              |    61 |    20 ||    81
Dodge: Dodged            |    76 |    41 ||   117
